 Dungeon Crawl Stone Soup version 0.30.1-9-gdf580d7c3d (webtiles) character file.

Game seed: 5751405292983513200

13 KittyFluff the Trooper (level 2, 0/19 HPs)
             Began as a Gargoyle Berserker on Oct 15, 2023.
             Was a Follower of Trog.
             Frozen to death by an endoplasm (4 damage)
             ... on level 1 of the Dungeon.
             The game lasted 00:02:18 (645 turns).

KittyFluff the Trooper (Gargoyle Berserker)          Turns: 645, Time: 00:02:19

Health: 0/19       AC:  6    Str: 20    XL:     2   Next: 37%
Magic:  2/2        EV: 13    Int:  7    God:    Trog [*.....]
Gold:   55         SH:  0    Dex:  9    Spells: 1/1 levels left

rFire   . . .        a - +0 mace
rCold   . . .        (no shield)
rNeg    + . .        h - +0 leather armour
rPois   ∞            (no helmet)
rElec   +            (no cloak)
rCorr   .            (no gloves)
SInv    .            (no boots)
Will    .....        (no amulet)
Stlth   +            d - +5 ring of evasion
HPRegen 0.23/turn    (no ring)
MPRegen 0.08/turn

%: no passive effects
@: constricted
A: sickness immunity, AC +2, negative energy resistance 1, electricity
resistance, torment resistance 1, petrification resistance
a: Renounce Religion, Berserk


You were on level 1 of the Dungeon.
You worshipped Trog.
Trog was aware of your devotion.
You visited 1 branch of the dungeon, and saw 1 of its levels.

You collected 55 gold pieces.

Inventory:

Hand Weapons
 a - a +0 mace (weapon)
Missiles
 g - 5 boomerangs (quivered)
Armour
 b - a +0 animal skin
 h - a +0 leather armour (worn)
Jewellery
 d - a +5 ring of evasion (left hand)
Scrolls
 c - a scroll of enchant weapon {unknown}
 e - a scroll of butterflies {unknown}
 f - 2 scrolls of identify {unknown}
 i - a scroll of magic mapping {unknown}
 j - a scroll of poison {unknown}


   Skills:
 + Level 3.5 Fighting
 + Level 3.2 Maces & Flails
 + Level 2.4 Armour
 + Level 1.8 Dodging


You had one spell level left.
You didn't know any spells.
Your spell library was empty.

Dungeon Overview and Level Annotations

Branches:
Dungeon (1/15)

Altars:


Innate Abilities, Weirdness & Mutations

You are immune to sickness and miasma.
Your stone body is resilient. (AC +2)
You are immune to poison.
You resist negative energy. (rN+)
You are resistant to electric shocks. (rElec)
You are resistant to unholy torment.
You are immune to petrification.


Message History

The hobgoblin is moderately wounded.
The ball python barely misses you. The ball python constricts you.
The endoplasm barely misses you.
The hobgoblin hits you but does no damage.
The ball python bites you but does no damage.
The ball python constricts you. The endoplasm freezes you.
You are frozen.
You barely miss the ball python. The hobgoblin barely misses you.
The ball python closely misses you. The ball python constricts you.
The endoplasm freezes you.
You are frozen.
The hobgoblin hits you but does no damage.
The ball python misses you. The ball python constricts you.
You hit the ball python.
The ball python is moderately wounded.
The endoplasm freezes you.
You are frozen.
The ball python barely misses you. The ball python constricts you.
The hobgoblin hits you.
You hit the ball python.
The ball python is severely wounded.
The endoplasm hits you. The ball python closely misses you.
The ball python constricts you. The hobgoblin misses you.
The endoplasm closely misses you. The ball python completely misses you.
The ball python constricts you.
You closely miss the ball python.
The ball python is severely wounded.
The hobgoblin hits you.
* * * LOW HITPOINT WARNING * * *
The ball python bites you but does no damage.
The ball python constricts you.
The endoplasm hits you but does no damage.
You closely miss the hobgoblin. The hobgoblin closely misses you.
The ball python bites you.
* * * LOW HITPOINT WARNING * * *
The ball python constricts you.
* * * LOW HITPOINT WARNING * * *
The endoplasm freezes you.
You are frozen.
You die...

#.......#
♣♣♣♣♣######.#
#..####.~~P~♣~~~###
#.# ...#
~~P~P~~~P♣♣#.###
#.##
P~~≈~≈≈~~~~♣~..#
..#
~~~~≈≈≈≈≈~~~~~.#
#..
P~~~P~~≈~~~~~~~#
###
~.~~~~~P~~~~~♣.#
......~S~~♣~~..# #.
......g@...##.##
... ..~...J....##.#
... ~P~~~.~~...##.#
.# ~~~~~~~~~####.##
.#
~~~♣~~P♣####...###
.# ♣♣ ♣♣♣♣ #......#
... ######.# ###
#.# #.#


You could see an endoplasm, a hobgoblin and a ball python.

Vanquished Creatures
  A dart slug (D:1)
  2 ball pythons (D:1)
  A bat (D:1)
  2 endoplasms (D:1)
  A goblin (D:1)
  A frilled lizard (D:1)
  3 rats (D:1)
11 creatures vanquished.

Notes
Turn   | Place    | Note
-------+----------+-------------------------------------------
     0 | D:1      | KittyFluff the Gargoyle Berserker began the quest for the
                  | Orb.
     0 | D:1      | Reached XP level 1. HP: 14/14 MP: 1/1
   235 | D:1      | Found a faded altar of an unknown god.
   358 | D:1      | Reached XP level 2. HP: 17/19 MP: 2/2
   645 | D:1      | Frozen to death by an endoplasm

Illustrated notes

Levels and vault maps discovered:
D:1:      mainiacjoe_arrival_reflecting_pool, layout_loops_cross,
          dreamdust_ecumenical_altar_grove, minivault_19, serial_bayou_ford_a,
          corner_web_ring, minmay_misc_feat_five, minivault_14,
          nicolae_figureground_pulse

Action                     || total
---------------------------++-------
  Melee: Mace              ||    41
 Armour: Animal skin       ||     3
         Leather armour    ||    11
  Dodge: Dodged            ||    42
